 Crawl Stoat Soup version 0.23-s1-83-ge4b6b1a3c6 (console) character file.

242 hilarita the Slasher (level 5, -12/47 HPs)
             Began as a Minotaur Abyssal Knight on Jan 17, 2021.
             Was a Believer of Lugonu.
             Mangled by an ogre
             ... wielding a +0 giant club
              (18 damage)
             ... on level 4 of the Dungeon.
             The game lasted 00:07:43 (3194 turns).

hilarita the Slasher (Minotaur Abyssal Knight)      Turns: 3194, Time: 00:07:44

Health: -12/47     AC: 10    Str: 18    XL:     5   Next: 81%
Magic:  6/6        EV:  5    Int:  9    God:    Lugonu [**....]
Gold:   144        SH: 10    Dex:  9    Spells: 4/4 levels left

rFire    . . .     SeeInvis .   b - +0 scimitar
rCold    . . .     Gourm    .   d - +2 shield
rNeg     . . .     Faith    .   o - +0 chain mail
rPois    .         Spirit   .   (helmet restricted)
rElec    .         Warding  .   j - +0 cloak (curse)
rCorr    .         Reflect  .   (no gloves)
MR       .....     Harm     .   (no boots)
Stlth    ..........             (no amulet)
HPRegen  0.15/turn              (no ring)
MPRegen  0.10/turn              (no ring)

@: no status effects
A: retaliatory headbutt, horns 2
a: Depart the Abyss, Bend Space, Renounce Religion


You were on level 4 of the Dungeon.
You worshipped Lugonu.
Lugonu was pleased with you.
You were hungry.

You visited 1 branch of the dungeon, and saw 4 of its levels.
You visited the Abyss 1 time.

You collected 144 gold pieces.

Inventory:

Hand Weapons
 a - a +2 falchion
 b - a +0 scimitar (weapon)
 h - a cursed -3 dagger
Armour
 d - a +2 shield (worn)
 j - a cursed +0 cloak (worn)
 o - a +0 chain mail (worn)
Scrolls
 f - 4 scrolls of identify
 n - a scroll of teleportation
 p - 2 scrolls of enchant weapon
Potions
 e - 2 potions of curing
 g - a potion of heal wounds
 i - a potion of magic
 l - 3 potions of lignification
Comestibles
 c - 3 bread rations
 k - 2 chunks of flesh
 m - 3 meat rations


   Skills:
 + Level 4.6 Fighting
 * Level 4.8 Long Blades
 + Level 3.6 Armour
 - Level 1.1 Dodging
 + Level 2.3 Shields
 + Level 2.8 Invocations


You had 4 spell levels left.
You didn't know any spells.
Your spell library was empty.

Dungeon Overview and Level Annotations

Branches:
Dungeon (4/15)
 Temple: D:4-7

Altars:
Ashenzari
Gozag
Nemelex Xobeh
Okawaru


Innate Abilities, Weirdness & Mutations

You reflexively headbutt those who attack you in melee.
You have a pair of horns on your head.


Message History

You headbutt the frilled lizard!
You kill the frilled lizard!
Lugonu accepts your kill. You block the ogre's attack. Space bends around you!
You blink.
Unknown command.
You see here 12 stones.
You hit the ogre.
The ogre is lightly wounded.
You block the ogre's attack.
You are feeling hungry.
There is an escape hatch in the ceiling here.
You hit the ogre. You headbutt the ogre.
The ogre is moderately wounded.
The ogre barely misses you.
You riposte.
You hit the ogre.
The ogre is moderately wounded.
You closely miss the ogre.
The ogre is moderately wounded.
The ogre hits you with a giant club!!
You die...

######### ...[....# ##...##.#
##...##.############
#.....#.##.........#
#'###.#.##.........#
......#.##.........#
......#.##.........#####
.........)......@.......
###.....##......O..##### #
########............... #
#........>.....###+###..
#.####...###.### ....
....#...# #...# ..# ....#...#
##..+ #.# ........# #..#
###.#### ........####..#
#......#
####....รท.....###+###......#
#####...####....#..........#


You could see an ogre.

Vanquished Creatures
  An orc priest (D:4)
  An orc wizard (D:4)
  An iguana (D:4)
  A hound skeleton (D:4)
  6 adders
  2 oozes
  3 worms
  2 leopard geckos
  7 orcs
  2 ball pythons
  2 bats
  3 giant cockroaches
  6 goblins
  3 hobgoblins
  6 jackals
  6 frilled lizards
  9 kobolds
  8 rats
69 creatures vanquished.

Vanquished Creatures (others)
  An orc priest (D:4)
  An orc wizard (D:3)
  2 orcs
4 creatures vanquished.

Grand Total: 73 creatures vanquished

Notes
Turn   | Place    | Note
-------+----------+-------------------------------------------
     0 | Abyss:1  | hilarita the Minotaur Abyssal Knight began the quest for
                  | the Orb.
     0 | Abyss:1  | Reached XP level 1. HP: 19/19 MP: 1/1
    73 | Abyss:1  | Noticed a ynoxinul
    74 | D:1      | Escaped the Abyss
   347 | D:1      | Reached XP level 2. HP: 27/27 MP: 2/2
   349 | D:1      | Reached * piety under Lugonu
   986 | D:2      | Reached XP level 3. HP: 13/33 MP: 3/3
  1306 | D:2      | Reached skill level 1 in Shields
  1844 | D:3      | Noticed hilarita's ghost (amateur GrBe)
  1850 | D:3      | Witnessed revenge of hilarita's ghost on an orc wizard.
  1850 | D:3      | Reached XP level 4. HP: 17/40 MP: 4/4
  2148 | D:3      | Found a shattered altar of Ashenzari.
  2201 | D:3      | Reached ** piety under Lugonu
  2218 | D:3      | Found a sparkling altar of Nemelex Xobeh.
  2342 | D:3      | Found an iron altar of Okawaru.
  2462 | D:3      | Found an opulent altar of Gozag.
  2734 | D:4      | Noticed ceb's ghost (amateur TrTm)
  2740 | D:4      | Witnessed revenge of ceb's ghost on an orc priest.
  2746 | D:4      | Reached XP level 5. HP: 38/47 MP: 5/5
  3154 | D:4      | Noticed an ogre
  3164 | D:4      | HP: 3/47 [ogre/giant club (19)]
  3194 | D:4      | Mangled by an ogre

Vault maps used:
D:1:      mrwooster_arrival_arrow
D:3:      old_standard_altar, lemuel_doored_altar,
          nemelex_xobeh_ov_fountains_minmay, nicolae_gozag_seed_capital
D:4:      kennysheep_slug_shrine, minmay_temple_entry_glassed_door, first_bread

Skill      XL: |  1  2  3  4  5 |
---------------+----------------+-----
Invocations    | 2 |  2.8
Long Blades    | 3 4 |  4.8
Fighting       | 4 |  4.6
Shields        | 1 2 |  2.3
Armour         | 3 |  3.6
Dodging        | |  1.1

Action                   |  1- 3 |  4- 6 || total
-------------------------+-------+-------++-------
Melee: Falchion          |    63 |       ||    63
       Headbutt          |     8 |    10 ||    18
       Scimitar          |    31 |   116 ||   147
Invok: Depart the Abyss  |     1 |       ||     1
       Bend Space        |       |     1 ||     1
  Use: Scroll            |     7 |     1 ||     8
  Eat: Chunk             |     3 |     4 ||     7
Armor: Leather armour    |    12 |       ||    12
       Scale mail        |    22 |    25 ||    47
       Chain mail        |       |    19 ||    19
Dodge: Dodged            |    30 |    33 ||    63
Block: Shield            |    36 |    48 ||    84
       Rpst.: Falchion   |     5 |       ||     5
       Scimitar          |     3 |    10 ||    13

Table legend:
 A = Spawn XP
 B = Non-spawn XP
 C = Spawn XP percentage of total XP
 D = Spawn monster count
 E = Non-spawn monster count
 F = Spawn count percentage of total count
 G = Total turns spent on level
                    A         B        C        D         E        F      G
               +---------+---------+-------+---------+---------+-------+---------
         Total |      36 |     310 |  10.4 |       6 |      64 |   8.6 |  3194
               +---------+---------+-------+---------+---------+-------+---------
           D:1 |       1 |      27 |   3.6 |       1 |      13 |   7.1 |   714
           D:2 |      18 |      45 |  28.6 |       4 |      16 |  20.0 |  1005
           D:3 |       0 |      62 |   0.0 |       0 |      23 |   0.0 |   938
           D:4 |      17 |     176 |   8.8 |       1 |      12 |   7.7 |   463
               +---------+---------+-------+---------+---------+-------+---------
